 Dungeon Crawl Stone Soup version 0.30-a0-782-ge64f9170bb (webtiles) character file.

Game seed: 17266978005444207106

16638 timneilson the Blocker (level 12, -7/74 HPs)
             Began as a Gargoyle Fighter on Feb 18, 2023.
             Was an Elder of Okawaru.
             Mangled by a minotaur
             ... wielding a staff of cold
              (13 damage)
             ... in a Gauntlet.
             The game lasted 00:33:34 (9253 turns).

timneilson the Blocker (Gargoyle Fighter)           Turns: 9253, Time: 00:33:35

Health: -7/74      AC: 32    Str: 21    XL:     12   Next: 39%
Magic:  16/17      EV: 12    Int:  9    God:    Okawaru [****..]
Gold:   618        SH:  9    Dex: 19    Spells: 11/11 levels left

rFire   . . .      SeeInvis .    a - +1 long sword (flame)
rCold   . . .      Faith    .    c - +0 buckler
rNeg    + . .      Spirit   .    A - +0 plate armour
rPois   ∞          Reflect  .    (no helmet)
rElec   +          Harm     .    E - +0 cloak
rCorr   .          Rampage  .    (no gloves)
Will    .....      NoTele   +    K - +1 pair of boots Stlth
                                 b - amulet of regeneration
HPRegen 1.12/turn                d - +4 ring of slaying
MPRegen 0.15/turn                H - +6 ring of dexterity

@: heroic
A: sickness immunity, AC +8, negative energy resistance 1, electricity
resistance, torment resistance 1, petrification resistance, iridescent scales 1,
passive freeze
a: Renounce Religion, Heroism, Finesse


You were in a Gauntlet.
You worshipped Okawaru.
Okawaru was greatly pleased with you.
You visited 2 branches of the dungeon, and saw 13 of its levels.
You also visited: Ossuary, Bailey and Gauntlet.

You collected 682 gold pieces.
You spent 64 gold pieces at shops.

Inventory:

Hand Weapons
 a - a +1 long sword of flaming (weapon)
Armour
 c - a +0 buckler (worn)
 A - a +0 plate armour (worn)
 E - a +0 cloak (worn)
 K - a +1 pair of boots (worn)
Jewellery
 b - an amulet of regeneration (around neck)
 d - a +4 ring of slaying (left hand)
 m - a ring of protection from cold
 n - a ring of protection from fire
 r - a ring of see invisible
 t - the ring of Xom's Bemusement {Ice rN+}
   (You found it in a Gauntlet)

   [ring of ice]

   It enhances your ice magic.
   rF:        It makes you vulnerable to fire.
   rC:        It protects you from cold.
   rN:        It protects you from negative energy.
 x - a ring of protection from fire
 G - a ring of protection from fire
 H - a +6 ring of dexterity (right hand)
 I - a ring of protection from cold
Wands
 j - a wand of iceblast (19)
 p - a wand of acid (14)
 D - a wand of paralysis (12)
Scrolls
 e - 7 scrolls of teleportation
 k - a scroll of enchant weapon
 l - 2 scrolls of poison
 F - a scroll of amnesia
 J - 4 scrolls of identify
Potions
 f - a potion of resistance
 h - 2 potions of ambrosia
 i - 3 potions of magic
 o - 5 potions of flight
 q - 2 potions of might
 s - 9 potions of curing
 u - 3 potions of attraction
 z - 4 potions of lignification
 B - 5 potions of mutation
 C - 3 potions of cancellation
 L - a potion of berserk rage
Miscellaneous
 v - a condenser vane


   Skills:
 + Level 8.2(13.2) Fighting
 * Level 9.1(14.1) Long Blades
 * Level 11.0(16.0) Armour
 + Level 4.2(9.2) Dodging
 * Level 11.1(16.1) Shields
 + Level 6.9 Invocations
 + Level 5.6 Evocations


You had 11 spell levels left.
You didn't know any spells.
Your spell library contained the following spells:

 Spells                   Type           Power      Damage    Failure   Level
 Sandblast                Erth           0%         2d4       99%         1
 Shock                    Conj/Air       0%         1d3       99%         1
 Passwall                 Tmut/Erth      0%         N/A       100%        2
 Ignite Poison            Fire/Tmut/Pois 0%         N/A       100%        3
 Stone Arrow              Conj/Erth      0%         3d7       100%        3
 Swiftness                Air            0%         N/A       100%        3
 Airstrike                Air            0%         2d(0-16)  100%        4
 Sticky Flame             Conj/Fire      0%         2d3       100%        4
 Ignition                 Fire           0%         3d3       100%        8
 Chain Lightning          Conj/Air       0%         N/A       100%        9
 Fire Storm               Conj/Fire      0%         5d1       100%        9
 Shatter                  Erth           0%         3d5*      100%        9


Dungeon Overview and Level Annotations

Branches:
Dungeon (12/15)            Temple (1/1) D:6            Lair (0/5) D:10
    Orc (0/2) D:12        Ossuary (visited)          Bailey (visited)
Gauntlet (1/1)

Altars:
Ashenzari
Cheibriados
Dithmenos
Elyvilon
Fedhas
Gozag
Hepliaklqana
Kikubaaqudgha
Makhleb
Nemelex Xobeh
Okawaru
Qazlal
Ru
Sif Muna
Trog
Uskayaw
Vehumet
Wu Jian
Xom
Yredelemnul
Zin
The Shining One

Shops:
D:2 (   D:12 *?[

Portals:
Trove: D:10 (show abyssal rune of Zot)

Annotations:
D:8 2 transporters, themarg's ghost, novice DsFE Gauntlet 6 transporters, 5 runed translucent doors


Innate Abilities, Weirdness & Mutations

You are immune to sickness and miasma.
Your stone body is resilient. (AC +8)
You are immune to poison.
You resist negative energy. (rN+)
You are resistant to electric shocks. (rElec)
You are resistant to unholy torment.
You are immune to petrification.
You are partially covered in iridescent scales. (AC +2)
A frigid envelope surrounds you and freezes all who hurt you.


Message History

The minotaur freezes you.
The minotaur resists.
The minotaur is very cold.
The minotaur is moderately wounded.
You block the minotaur's attack.
You hit the minotaur but do no damage.
The minotaur is moderately wounded.
The minotaur hits you but does no damage.
The minotaur freezes you!
* * * LOW HITPOINT WARNING * * *
The minotaur resists.
The minotaur is very cold.
The minotaur is moderately wounded.
The minotaur barely misses you.
You feel much better. You block the minotaur's attack. The minotaur gores you!!
The minotaur resists.
The minotaur is very cold.
The minotaur is moderately wounded.
You feel much better.
The minotaur hits you but does no damage.
The minotaur freezes you!
The minotaur resists.
The minotaur is very cold.
The minotaur is heavily wounded.
The minotaur gores you.
You hit the minotaur.
The minotaur is heavily wounded.
The minotaur hits you with a staff of cold!!
* * * LOW HITPOINT WARNING * * *
The minotaur freezes you.
* * * LOW HITPOINT WARNING * * *
The minotaur completely resists.
The minotaur gores you but does no damage.
The minotaur resists.
The minotaur is very cold.
The minotaur is heavily wounded.
You slash the minotaur! You burn the minotaur.
The minotaur is severely wounded.
You hit the minotaur but do no damage.
The minotaur is severely wounded.
You block the minotaur's attack. x2
You hit the minotaur but do no damage.
The minotaur is severely wounded.
The minotaur hits you with a staff of cold!
* * * LOW HITPOINT WARNING * * *
The minotaur freezes you!
You die...

##..### #≈..##.
##..#.# #####≈..#..
###..###..#..
..#..##≈..#©.
######.#..###..#..
####....#.#..##≈..#..
#...@##.#.#..###§.#.#
#.##H##.#.#....#..##.
# ⌠.⌠#.#.#...©#..###
#.∩.#........#.....
#⌠.⌠#.#.#....#.∩...
#####.#.#...©#..###
###.#....#..###
#.#..###..###
#.#..##≈..##!


You could see a minotaur (strong).

Vanquished Creatures
  A centaur warrior (D:9)
  2 boulder beetles (D:11)
  2 two-headed ogres
  Nergalle (D:11)
  A soul eater (Gauntlet)
  An orc knight (Bailey)
  A cyclops (D:11)
  A manticore (D:11)
  Maurice (D:10)
  2 gargoyles
  An unseen horror (D:11)
  A komodo dragon (D:11)
  3 trolls
  Grinder (D:3)
  A wolf spider simulacrum (Gauntlet)
  2 hornets (D:9)
  Prince Ribbit (D:8)
  A shadow (D:10)
  5 centaur simulacra (Gauntlet)
  Sigmund (D:2)
  A basilisk (D:12)
  5 yaks (D:10)
  2 wraiths
  3 vampire mosquitoes (D:10)
  3 acid dragons
  A hornet zombie (D:8)
  An ice dragon simulacrum (Gauntlet)
  5 orc warriors
  A black bear (D:5)
  An ice beast (D:6)
  An ogre (D:7)
  5 centaurs
  2 phantoms
  8 kobold brigands
  4 bullfrogs
  2 necrophages
  2 gnoll sergeants
  13 scorpions
  A cane toad simulacrum (Gauntlet)
  6 water moccasin zombies (Ossuary)
  4 killer bees (D:11)
  An electric eel (D:6)
  A howler monkey (D:9)
  7 bullfrog zombies (Ossuary)
  6 centaur zombies
  A hound (D:5)
  2 orc priests
  An iron imp (D:6)
  Jessica (D:2)
  7 orc wizards
  3 iguanas
  4 killer bee zombies
  A boggart simulacrum (Gauntlet)
  11 mummies
  8 howler monkey zombies
  7 gnolls
  5 adders
  4 shadow imps
  A worm (D:2)
  2 dart slugs
  16 orcs
  9 bats
  8 endoplasms
  3 giant cockroaches
  6 goblins
  6 hobgoblins
  11 jackals
  16 kobolds
  7 quokkas
  9 ball pythons
  2 frilled lizards
  A goblin skeleton (D:6)
  2 goblin zombies
  3 hobgoblin zombies (D:6)
  A kobold skeleton (D:6)
  A kobold zombie (D:6)
  2 orc skeletons (D:6)
  An orc zombie (D:5)
  6 rats
284 creatures vanquished.

Vanquished Creatures (others)
  A mummy (Ossuary)
  A goblin (D:2)
  A hobgoblin (D:2)
  5 fungi (D:11)
  4 plants (D:10)
  27 withered plants
39 creatures vanquished.

Grand Total: 323 creatures vanquished

Notes
Turn   | Place    | Note
-------+----------+-------------------------------------------
     0 | D:1      | timneilson the Gargoyle Fighter began the quest for the
                  | Orb.
     0 | D:1      | Reached XP level 1. HP: 14/14 MP: 1/1
    71 | D:1      | Reached XP level 2. HP: 19/19 MP: 2/2
   426 | D:1      | Reached XP level 3. HP: 20/23 MP: 3/3
   736 | D:2      | Found an opulent altar of Gozag.
   761 | D:2      | Found Sunith's Weapon Shop.
   761 | D:2      | Noticed Sigmund
   770 | D:2      | Killed Sigmund
   771 | D:2      | Reached skill level 1 in Dodging
   771 | D:2      | Reached XP level 4. HP: 17/29 MP: 4/4
   771 | D:2      | Reached XP level 5. HP: 19/33 MP: 5/5
   879 | D:2      | Noticed Jessica
   890 | D:2      | Killed Jessica
   981 | D:2      | Reached XP level 6. HP: 36/38 MP: 6/6
  1163 | D:2      | Reached XP level 7. HP: 46/46 MP: 6/10
  1944 | D:3      | Noticed Grinder
  1947 | D:3      | Paralysed by Grinder for 3 turns
  1963 | D:3      | Killed Grinder
  2323 | D:4      | Found a broken altar of Ashenzari.
  2731 | D:5      | Entered Level 5 of the Dungeon
  2783 | D:5      | Found a sand-covered staircase.
  2815 | Ossuary  | Entered an ossuary
  2828 | Ossuary  | Reached XP level 8. HP: 47/51 MP: 11/11
  3209 | Ossuary  | Reached XP level 9. HP: 51/56 MP: 12/12
  3890 | D:6      | Found a staircase to the Ecumenical Temple.
  3897 | Temple   | Entered the Ecumenical Temple
  4154 | D:6      | Found a glowing golden altar of the Shining One.
  4375 | D:6      | Noticed a troll
  4379 | D:6      | Noticed a gargoyle
  4405 | D:5      | Killed a troll
  4463 | D:6      | Killed a gargoyle
  4464 | D:6      | Reached skill level 5 in Invocations
  4569 | D:6      | Found a burning altar of Makhleb.
  4572 | D:6      | Found an opulent altar of Gozag.
  4573 | D:6      | Found a hide-covered altar of Uskayaw.
  4752 | D:7      | Reached XP level 10. HP: 61/61 MP: 13/13
  4883 | D:7      | Found a shimmering altar of Xom.
  4963 | D:7      | Found a faded altar of an unknown god.
  4965 | D:7      | Found a hazy altar of Hepliaklqana.
  5028 | D:7      | Found a shadowy altar of Dithmenos.
  5416 | D:8      | Found a basalt altar of Yredelemnul.
  5550 | D:8      | Found a transporter.
  5554 | D:8      | Found a transporter.
  5554 | D:8      | Noticed a death knight
  5565 | D:8      | Noticed themarg's ghost (novice DsFE)
  5574 | D:8      | Noticed Prince Ribbit
  5583 | D:8      | Killed Prince Ribbit
  5768 | D:8      | Noticed a two-headed ogre
  5773 | D:8      | Gained mutation: A frigid envelope surrounds you and
                  | freezes all who hurt you. [potion of mutation]
  5773 | D:8      | Gained mutation: You are partially covered in iridescent
                  | scales. (AC +2) [potion of mutation]
  5779 | D:8      | Killed a two-headed ogre
  6190 | D:9      | Noticed a two-headed ogre
  6203 | D:9      | Killed a two-headed ogre
  6378 | D:9      | Noticed a centaur warrior
  6387 | D:9      | Killed a centaur warrior
  6388 | D:9      | Reached XP level 11. HP: 41/67 MP: 15/15
  6523 | D:9      | Found an iron altar of Okawaru.
  6529 | D:9      | Became a worshipper of Warmaster Okawaru
  6717 | D:9      | Found an ornate altar of the Wu Jian Council.
  6828 | D:9      | Identified the +6 hand axe "Newtslayer" {flame, Drain Str+2
                  | Int+2}
  6913 | D:10     | Entered Level 10 of the Dungeon
  7020 | D:10     | Found a flagged portal.
  7024 | D:10     | Reached skill level 10 in Shields
  7029 | D:10     | Reached skill level 10 in Armour
  7038 | Bailey   | Entered a bailey
  7095 | Bailey   | Noticed an orc knight
  7101 | Bailey   | Killed an orc knight
  7101 | Bailey   | Reached * piety under Okawaru
  7102 | Bailey   | Reached skill level 5 in Evocations
  7117 | Bailey   | Found an iron altar of Okawaru.
  7219 | D:10     | Noticed Maurice
  7220 | D:10     | Paralysed by Maurice for 4 turns
  7230 | D:10     | Paralysed by something for 5 turns
  7236 | D:10     | Killed Maurice
  7277 | D:10     | Found a bloodstained altar of Trog.
  7331 | D:10     | Found a portal to a secret trove of treasure.
  7393 | D:10     | Found a staircase to the Lair.
  7422 | D:10     | Identified the +3 trident of Charity {flame, rC+ Str-4
                  | Dex+3}
  7496 | D:10     | Identified the +6 flail of Balance {pain, rF+ Str+4}
  7584 | D:10     | Reached ** piety under Okawaru
  7764 | D:10     | Identified the +2 robe of the Tick {Str+4}
  8071 | D:11     | Noticed a cyclops
  8079 | D:11     | Killed a cyclops
  8136 | D:11     | Noticed a manticore
  8136 | D:11     | Noticed Nergalle
  8139 | D:11     | Noticed a boulder beetle
  8151 | D:11     | Killed a boulder beetle
  8304 | D:11     | Killed Nergalle
  8304 | D:11     | Reached *** piety under Okawaru
  8304 | D:11     | Received a gift from Okawaru
  8305 | D:11     | Reached XP level 12. HP: 73/73 MP: 16/16
  8434 | D:11     | Noticed a boulder beetle
  8456 | D:11     | Killed a boulder beetle
  8825 | D:12     | Found Waeduph's Antique Armour Shoppe.
  8835 | D:12     | Found Umis's Magic Scroll Emporium.
  8857 | D:12     | Found Lapp's General Store.
  8867 | D:12     | Found a gate leading to a gauntlet.
  8870 | D:12     | Bought a potion of might for 64 gold pieces
  8877 | Gauntlet | Entered a Gauntlet
  8877 | Gauntlet | Noticed a soul eater
  8877 | Gauntlet | Noticed a death scarab
  8877 | Gauntlet | Found a transporter.
  8877 | Gauntlet | Found a transporter.
  8877 | Gauntlet | Found a transporter.
  8888 | Gauntlet | Found a transporter.
  8890 | Gauntlet | Found a transporter.
  8896 | Gauntlet | Found a runed translucent gate.
  8896 | Gauntlet | Found a runed translucent gate.
  8896 | Gauntlet | Found a runed translucent gate.
  8898 | Gauntlet | Found a transporter.
  8901 | Gauntlet | Found a transporter.
  8905 | Gauntlet | Found a runed translucent door.
  8906 | Gauntlet | Noticed a death yak
  8907 | Gauntlet | Found a runed translucent door.
  8907 | Gauntlet | Noticed a death yak
  8908 | Gauntlet | Noticed a death yak
  8908 | Gauntlet | Noticed a death yak
  8909 | Gauntlet | Found a transporter.
  8927 | Gauntlet | Found a transporter.
  8944 | Gauntlet | Found a transporter.
  8947 | Gauntlet | Found a transporter.
  8957 | Gauntlet | Found a transporter.
  9080 | Gauntlet | Killed a soul eater
  9167 | Gauntlet | Reached **** piety under Okawaru
  9217 | Gauntlet | Identified the ring of Xom's Bemusement {Ice rN+}
  9241 | Gauntlet | Noticed a minotaur
  9253 | Gauntlet | Mangled by a minotaur

Illustrated notes

Levels and vault maps discovered:
D:1:      saegor_arrival_under_anarchy, layout_loops_ring
D:2:      layout_rooms, basic_altar, serial_shops,
          nicolae_shop_competitors_out_of_business, uniq_sigmund, uniq_jessica
D:3:      layout_basic, minmay_misc_feat_iff, chequers_garden, uniq_grinder
D:4:      layout_loops_cross, nicolae_overflow_hidden_temple
D:5:      layout_gridville, nicolae_ossuary_entry_giza
D:6:      minmay_cornered_nines, layout_rooms, nicolae_tso_besieged_by_evil,
          grunt_temple_overflow_open, temple_fountains, kennysheep_dice
D:7:      layout_basic, beargit_hepliaklqana_dungeon_heroes,
          grunt_dithmenos_smoke_and_mirrors, mainiacjoe_overflow_boulevard
D:8:      layout_basic, nicolae_yredelemnul_corpse_copse, nzn_ghost_randoct,
          uniq_prince_ribbit1
D:9:      layout_irregular_city, mainiacjoe_overflow_cross_hatched,
          pdpol_wu_jian_five_deadly_venoms, evilmike_butchery
D:10:     layout_basic, kennysheep_mini_moat, dpeg_oklobed_lair, enter_bailey_2,
          trove_entry_hex_spiral, chequers_serial_rivers_micro_a,
          evilmike_minifort, uniq_maurice
D:11:     old_forge, layout_cross, patterned_corridor, uniq_nergalle
D:12:     layout_stronghold, david_orc_4, gauntlet_entry_generic, serial_shops,
          nicolae_shop_window_shopping, shop, shop,
          nicolae_shop_bloodbath_and_beyond, nicolae_stop_n_shop_1
Temple:   compressed_dpeg_circular_temple
Gauntlet: minmay_gauntlet_mixed_big_or_small [gammafunk_gauntlet_arena_spirals,
          minmay_gauntlet_arena_77_mess, gammafunk_gauntlet_arena_hedges,
          minmay_gauntlet_arena_77_run_for_it, nicolae_gauntlet_arena_x,
          minmay_gauntlet_arena_77_cramped, dreamdust_gauntlet_exit_labyrinth]

Skill      XL: |  1  2  3  4  5  6  7  8  9 10 11 12 |
---------------+-------------------------------------+-----
Long Blades    | 2 3 6 7 8 9 |  9.1
Armour         | 4 8 9 10 11 | 11.0
Dodging        | 1 2 3 4 |  4.2
Shields        | 4 8 9 10 11 | 11.1
Fighting       | 6 7 8 |  8.2
Invocations    | 4 5 6 |  6.9
Evocations     | 3 4 5 |  5.6

Action                     |  1- 3 |  4- 6 |  7- 9 | 10-12 || total
---------------------------+-------+-------+-------+-------++-------
  Melee: Long sword        |    93 |    39 |   448 |   402 ||   982
 Invoke: Heroism           |       |       |       |     4 ||     4
    Use: Scroll            |     3 |     4 |     8 |    10 ||    25
         Potion            |     1 |     1 |     1 |     8 ||    11
   Stab: Invisible         |       |       |     2 |     5 ||     7
 Armour: Scale mail        |    77 |    22 |   135 |       ||   234
         Plate armour      |       |       |    28 |   291 ||   319
  Dodge: Dodged            |    80 |    16 |   268 |   217 ||   581
         Repelled          |       |       |     5 |     3 ||     8
  Block: Buckler           |    28 |     6 |   132 |   168 ||   334

Table legend: (Time is in decaauts)
 A = Elapsed time spent in this place.
 B = Non-inter-level travel time spent in this place.
 C = Inter-level travel time spent in this place.
 D = Time resting spent in this place.
 E = Time spent auto-exploring this place.
 F = Levels seen in this place.
 G = Mean time per level.
                   A        B        C        D        E       F      G
               +--------+--------+--------+--------+--------+-----+--------+
         Total |   9378 |   9114 |    264 |    116 |   5727 |  16 |  586.1 |
       Dungeon |   8234 |   7970 |    264 |    113 |   5293 |  12 |  686.2 |
        Temple |     81 |     81 |      0 |      0 |     63 |   1 |   81.0 |
       Ossuary |    533 |    533 |      0 |      3 |    217 |   1 |  533.0 |
        Bailey |    163 |    163 |      0 |      0 |     29 |   1 |  163.0 |
      Gauntlet |    365 |    365 |      0 |      0 |    124 |   1 |  365.0 |
               +--------+--------+--------+--------+--------+-----+--------+

Top non-repeatable levels by time:
     D:3: 1000 daAuts
    D:10: 928 daAuts
     D:8: 855 daAuts
    D:11: 833 daAuts
     D:6: 821 daAuts
     D:9: 773 daAuts
     D:1: 765 daAuts
     D:5: 629 daAuts
     D:7: 550 daAuts
     D:4: 540 daAuts
 Ossuary: 533 daAuts
     D:2: 485 daAuts
Gauntlet: 365 daAuts
  Bailey: 163 daAuts
  Temple: 81 daAuts
